 Dungeon Crawl Stone Soup version 0.30-a0-1075-gcd70e7a56d (webtiles) character file.

Game seed: 6847040336983112078

403 jasper the Vexing (level 6, -9/28 HPs)
             Began as a Spriggan Enchanter on Apr 14, 2023.
             Mangled by Blork the orc
             ... wielding a +0 glaive
              (17 damage)
             ... on level 4 of the Dungeon.
             The game lasted 00:07:56 (3053 turns).

jasper the Vexing (Spriggan Enchanter)              Turns: 3053, Time: 00:07:56

Health: -9/28      AC:  2    Str:  4    XL:     6   Next: 55%
Magic:  1/11       EV: 17    Int: 19    God:
Gold:   128        SH:  0    Dex: 15    Spells: 2/10 levels left

rFire   . . .      SeeInvis +    a - +2 dagger
rCold   . . .      Faith    .    (no shield)
rNeg    . . .      Spirit   .    b - +0 robe
rPois   .          Reflect  .    (helmet restricted)
rElec   .          Rampage  .    (no cloak)
rCorr   .                        (gloves unavailable)
Will    +....                    (boots unavailable)
Stlth   +++                      (no amulet)
HPRegen 0.24/turn                (no ring)
MPRegen 0.12/turn                (no ring)

@: very quick
A: very small, no large weapons, unfitting armour, see invisible, speed 3
a: no special abilities


You were on level 4 of the Dungeon.
You visited 1 branch of the dungeon, and saw 4 of its levels.

You collected 148 gold pieces.
You spent 20 gold pieces at shops.

Inventory:

Hand Weapons
 a - a +2 dagger (weapon)
 k - a +2 short sword of draining
Armour
 b - a +0 robe (worn)
 f - a +0 buckler
Magical Staves
 l - a staff of earth
Jewellery
 d - a ring of willpower
Wands
 e - a wand of digging (7)
 m - a wand of iceblast (7)
Scrolls
 n - a scroll of enchant armour {unknown}
Potions
 c - 2 potions of invisibility
 g - 2 potions of haste
 h - a potion of curing
 i - a potion of might
 j - 5 potions of lignification
 o - a potion of magic


   Skills:
 + Level 4.5 Short Blades
 - Level 2.6 Dodging
 - Level 5.6 Stealth
 - Level 2.6 Spellcasting
 - Level 6.6 Hexes
 - Level 1.0 Ice Magic


You had 2 spell levels left.
You knew the following spells:

 Your Spells              Type           Power      Damage    Failure   Level
a - Ensorcelled Hibernat  Hex/Ice        34%        N/A       4%          2
b - Tukima's Dance        Hex            27%        N/A       3%          3
c - Confusing Touch       Hex            27%        N/A       3%          3

Your spell library contained the following spells:

 Spells                   Type           Power      Damage    Failure   Level
 Cigotuvi's Dreadful Rot  Necr/Pois/Air  4%         N/A       24%         2
 Dazzling Flash           Conj/Hex       30%        N/A       12%         3
 Ozocubu's Armour         Ice            6%         N/A       30%         3
 Metabolic Englaciation   Hex/Ice        8%         N/A       65%         5
 Dispel Undead            Necr           2%         3d7       83%         4
 Death Channel            Necr           1%         N/A       100%        6
 Simulacrum               Ice/Necr       2%         N/A       100%        6


Dungeon Overview and Level Annotations

Branches:
Dungeon (4/15)
 Temple: D:4-7

Altars:

Shops:
D:2 *

Annotations:
D:4 Blork the orc


Innate Abilities, Weirdness & Mutations

You are very small and have problems with some larger weapons.
You are too small for most types of armour.
You have supernaturally acute eyesight. (SInv)
You cover ground extremely quickly. (Speed+++)


Message History

Found a stone staircase leading down.
MP restored: 11 Blork the orc comes into view.
He is wielding a +0 glaive.
Found a pair of gloves.
Aiming: Ensorcelled Hibernation (safe; 4% risk of failure)
Press: ? - help, Q - select action, (/) - cycle Shift-Dir - straight line, f - Blork the orc
Aim: Blork the orc, wielding a +0 glaive and wearing a +0 robe (chance to affect: 50%) Blork the orc resists with some effort.
Blork the orc screams, "I'll drink your blood!
Soon!"
Blork the orc gestures at you while chanting.
The puff of frost hits you!
You take 12 damage, and have 16/28 hp.
MASSIVE DAMAGE!!
You now have 9/11 mp.
Aiming: Ensorcelled Hibernation (safe; 4% risk of failure)
Press: ? - help, Q - select action, (/) - cycle Shift-Dir - straight line, f/p - Blork the orc
Aim: Blork the orc, wielding a +0 glaive and wearing a +0 robe (chance to affect: 50%) Blork the orc resists with some effort.
Blork the orc hits you from afar with a +0 glaive.
You take 3 damage, and have 13/28 hp.
You now have 7/11 mp.
Aiming: Ensorcelled Hibernation (safe; 4% risk of failure)
Press: ? - help, Q - select action, (/) - cycle Shift-Dir - straight line, f/p - Blork the orc
Aim: Blork the orc, wielding a +0 glaive and wearing a +0 robe (chance to affect: 50%) Blork the orc resists with some effort.
Blork the orc gestures at you while chanting.
The magic dart hits you.
* * * LOW HITPOINT WARNING * * *
You take 6 damage, and have 7/28 hp.
MASSIVE DAMAGE!!
You now have 5/11 mp.
Aiming: Ensorcelled Hibernation (safe; 4% risk of failure)
Press: ? - help, Q - select action, (/) - cycle Shift-Dir - straight line, f/p - Blork the orc
Aim: Blork the orc, wielding a +0 glaive and wearing a +0 robe (chance to affect: 50%) Blork the orc resists with some effort.
Blork the orc completely misses you.
You now have 3/11 mp.
Aiming: Ensorcelled Hibernation (safe; 4% risk of failure)
Press: ? - help, Q - select action, (/) - cycle Shift-Dir - straight line, f/p - Blork the orc
Aim: Blork the orc, wielding a +0 glaive and wearing a +0 robe (chance to affect: 50%) Blork the orc resists with some effort.
Blork the orc screams, "Die!"
Blork the orc hits you from afar with a +0 glaive!
Ouch! That really hurt!
You die...

##..≈≈ #.#.#### ..$.≈≈
#.#.#..
....≈≈≈#####.#.#.######
≈≈≈≈≈≈#>...............
#.#.##.#.#.######
#.#.##.#.#.#
#.#.##.#...#
########.#.......##
.......@.#..#.##.#
########.#.....#.#
#o##.#..#.# #[##.####.#
#.##........
#.#######.## #.# .# .#


You could see Blork the orc.

Vanquished Creatures
  Sigmund (D:2)
  An ogre (D:4)
  A sleepcap (D:4)
  6 adders
  2 worms (D:3)
  2 dart slugs
  7 orcs
  6 ball pythons
  2 endoplasms
  3 giant cockroaches
  6 goblins
  3 hobgoblins
  2 jackals (D:2)
  3 quokkas
  4 bats
  A frilled lizard (D:2)
  6 kobolds
  4 rats
60 creatures vanquished.

Vanquished Creatures (others)
  7 plants (D:3)
7 creatures vanquished.

Grand Total: 67 creatures vanquished

Notes
Turn   | Place    | Note
-------+----------+-------------------------------------------
     0 | D:1      | jasper the Spriggan Enchanter began the quest for the Orb.
     0 | D:1      | Reached XP level 1. HP: 9/9 MP: 5/5
   238 | D:1      | Reached skill level 5 in Stealth
   238 | D:1      | Reached XP level 2. HP: 10/13 MP: 6/6
   244 | D:1      | Learned a level 2 spell: Ensorcelled Hibernation
   489 | D:2      | Reached skill level 4 in Hexes
   539 | D:2      | Noticed Sigmund
   576 | D:2      | Killed Sigmund
   577 | D:2      | Reached skill level 6 in Hexes
   577 | D:2      | Reached skill level 1 in Ice Magic
   577 | D:2      | Reached XP level 3. HP: 5/16 MP: 1/8
   577 | D:2      | Reached XP level 4. HP: 7/21 MP: 1/9
   577 | D:2      | Reached XP level 5. HP: 8/24 MP: 1/10
  1228 | D:2      | Learned a level 3 spell: Tukima's Dance
  1465 | D:2      | Found Uroxtaeg's General Store.
  1470 | D:2      | Bought a scroll of identify for 20 gold pieces
  2345 | D:3      | Reached XP level 6. HP: 18/28 MP: 0/11
  2794 | D:4      | Learned a level 3 spell: Confusing Touch
  3044 | D:4      | Noticed Blork the orc
  3053 | D:4      | Mangled by Blork the orc

Illustrated notes

Levels and vault maps discovered:
D:1:      tarquinn_simple_flora_water_c, layout_basic, roderic_malta_cross
D:2:      layout_basic, serial_shops, nicolae_shop_hallway_stairs, uniq_sigmund
D:3:      layout_loops_ring, guppyfry_early_lair_pool
D:4:      kennysheep_goblin_castle, layout_basic, uniq_blork_the_orc,
          uniq_robin, uniq_eustachio, uniq_duvessa

Skill      XL: |  1  2  3  4  5  6 |
---------------+-------------------+-----
Stealth        | 5 |  5.6
Hexes          | 6 |  6.6
Ice Magic      | 1 |  1.0
Short Blades   | 2 4 |  4.5
Dodging        | |  2.6
Spellcasting   | |  2.6

Action                     |  1- 3 |  4- 6 || total
---------------------------+-------+-------++-------
  Melee: Dagger            |    61 |    67 ||   128
   Cast: Ensorcelled Hiber |     3 |    55 ||    58
  Evoke: Wand              |       |     4 ||     4
    Use: Scroll            |       |    10 ||    10
   Stab: Sleeping          |     7 |    37 ||    44
 Armour: Robe              |     4 |     6 ||    10
  Dodge: Dodged            |    34 |    51 ||    85

Table legend: (Time is in decaauts)
 A = Elapsed time spent in this place.
 B = Non-inter-level travel time spent in this place.
 C = Inter-level travel time spent in this place.
 D = Time resting spent in this place.
 E = Time spent auto-exploring this place.
 F = Levels seen in this place.
 G = Mean time per level.
                   A        B        C        D        E       F      G
               +--------+--------+--------+--------+--------+-----+--------+
         Total |   2283 |   2244 |     39 |      0 |   1795 |   4 |  570.8 |
       Dungeon |   2283 |   2244 |     39 |      0 |   1795 |   4 |  570.8 |
               +--------+--------+--------+--------+--------+-----+--------+

Top non-repeatable levels by time:
     D:2: 1090 daAuts
     D:3: 654 daAuts
     D:1: 298 daAuts
     D:4: 239 daAuts
